 Dungeon Crawl Stone Soup version 0.18.1-8-gdd0e5ea (webtiles) character file.

196 rgaf the Sneak (level 5, 0/44 HPs)
             Began as a Naga Enchanter on June 10, 2016.
             Slain by an ooze (2 damage)
             ... on level 3 of the Dungeon.
             The game lasted 00:08:43 (4711 turns).

rgaf the Sneak (Naga Enchanter)                     Turns: 4711, Time: 00:08:44

Health: 0/44       AC:  3    Str:  8 (11) XL:     5   Next: 75%
Magic:  2/9        EV: 10    Int: 13 (16) God:
Gold:   91         SH:  0    Dex:  9 (11) Spells: 3 memorised, 4 levels left

rFire  . . .     SeeInvis +     a - +1 dagger
rCold  . . .     Gourm    .     b - +1 robe
rNeg   . . .     Faith    .     (no shield)
rPois  +         Spirit   .     (no helmet)
rElec  .         Dismiss  .     (no cloak)
rCorr  .         Reflect  .     (no gloves)
SustAt .         Harm     .     (no barding)
MR     .....                    (no amulet)
Stlth  ++++......               (no ring)
                                (no ring)

@: very slow, not resistant to hostile enchantments, stealthy
A: see invisible, deformed body, poison resistance, slowness 2, slow metabolism
1, spit poison 2, AC +1
a: Spit Poison


You were on level 3 of the Dungeon.
You were near starving.

You visited 1 branch of the dungeon, and saw 4 of its levels.

You collected 91 gold pieces.

Inventory:

Hand Weapons
 a - a +1 dagger (weapon)
Armour
 b - a +1 robe (worn)
 l - a +0 leather armour
Jewellery
 n - a +5 ring of strength {unknown}
Scrolls
 f - a scroll of enchant weapon {unknown}
 h - 2 scrolls of fog
 k - a scroll of teleportation
 o - a scroll of immolation {unknown}
Potions
 m - a potion of degeneration
Books
 c - a book of Maledictions

   Spells                             Type                      Level
   a - Corona                         Hexes                        1
   b - Ensorcelled Hibernation        Hexes/Ice                    2
   c - Confuse                        Hexes                        3
   d - Tukima's Dance                 Hexes                        3
   e - Dazzling Spray                 Conjuration/Hexes            3
Comestibles
 d - 4 bread rations
 i - a beef jerky
 j - a slice of pizza


   Skills:
 + Level 1.4 Fighting
 - Level 1.0 Short Blades
 + Level 2.2 Dodging
 - Level 7.2 Stealth
 * Level 3.0 Spellcasting
 + Level 3.4 Hexes


You had 4 spell levels left.
You knew the following spells:

 Your Spells              Type           Power        Failure   Level  Hunger
a - Corona                Hex            ##.....      8%          1    #......
b - Ensorcelled Hibernat  Hex/Ice        #.....       21%         2    ###....
c - Confuse               Hex            ##......     17%         3    ###....


Dungeon Overview and Level Annotations

Branches:
Dungeon (4/15)
 Temple: D:4-7

Altars:
Cheibriados
Ru

Annotations:
D:3 estraven's ghost, amateur DECj
D:4 broliato's ghost, amateur HaAs


Innate Abilities, Weirdness & Mutations

You cannot wear boots.
Your serpentine skin is tough (AC +1).
You have supernaturally acute eyesight.
Armour fits poorly on your strangely shaped body.
Your system is resistant to poisons.
You cover ground very slowly.
You have a slow metabolism.
You can spit poison.


Message History

The gnoll closely misses you. The ooze hits you but does no damage.
The orc wizard casts a spell.
The orc wizard seems to speed up.
You barely miss the ooze.
The ooze is lightly wounded.
The hobgoblin hits you with a club.
* * * LOW HITPOINT WARNING * * *
The orc hits you but does no damage.
The gnoll hits you from afar with a spear.
* * * LOW HITPOINT WARNING * * *
The ooze hits you but does no damage.
You hit the ooze but do no damage.
The ooze is lightly wounded.
The hobgoblin barely misses you. The orc closely misses you.
The gnoll barely misses you. The ooze hits you but does no damage.
You hit the ooze.
The ooze is lightly wounded.
The hobgoblin misses you. The orc hits you but does no damage.
The gnoll barely misses you. The ooze hits you.
You die...

#.##..รท##......#
#.#....##....>.#
#...g.###......# ###.gr#
#......# ##o## #......# #o#
#......# #.# ###.######
####o#### #......##
#...ogg@#####......
#.##.##Joo.....#.##
#.##.##o.##.#..#.# #
######.##.......#.....# #
#..........#...###..####..#
#####)###...._....## ##.......#
...##.###.......##.###.......##
.#.##.#......#.## #.#W########
...........#.#.# #...#


You could see 2 orc wizards, a gnoll, an ooze, 3 orcs and a hobgoblin.

Vanquished Creatures
  An ogre (D:3)
  3 adders (D:3)
  2 worms
  3 dart slugs (D:1)
  3 giant geckos
  4 giant cockroaches
  10 goblins
  11 hobgoblins
  4 jackals
  A quokka (D:3)
  4 bats
  2 giant newts
  12 kobolds
  6 rats
66 creatures vanquished.

Notes
Turn   | Place    | Note
--------------------------------------------------------------
     0 | D:1      | rgaf the Naga Enchanter began the quest for the Orb.
     0 | D:1      | Reached XP level 1. HP: 15/15 MP: 3/3
   289 | D:1      | Reached skill level 5 in Stealth
   312 | D:1      | Reached XP level 2. HP: 15/22 MP: 5/5
   849 | D:1      | Reached skill level 6 in Stealth
  1040 | D:1      | Reached XP level 3. HP: 28/28 MP: 6/6
  1910 | D:1      | Learned a level 2 spell: Ensorcelled Hibernation
  2406 | D:2      | Reached skill level 7 in Stealth
  3119 | D:2      | Found a sacrificial altar of Ru.
  3122 | D:2      | Reached XP level 4. HP: 32/36 MP: 7/7
  3262 | D:3      | Noticed an ogre
  3273 | D:3      | Killed an ogre
  3273 | D:3      | Reached skill level 1 in Fighting
  3273 | D:3      | Reached XP level 5. HP: 8/44 MP: 5/9
  3535 | D:3      | Found a snail-covered altar of Cheibriados.
  3572 | D:3      | Noticed estraven's ghost (amateur DECj)
  3903 | D:4      | Noticed broliato's ghost (amateur HaAs)
  4389 | D:3      | HP: 2/44 [estraven's ghost (1)]
  4673 | D:3      | Learned a level 3 spell: Confuse
  4709 | D:3      | HP: 2/44 [gnoll/spear (5)]
  4711 | D:3      | Slain by an ooze

Skill      XL: |  1  2  3  4  5 |
---------------+----------------+-----
Stealth        | 5 6 7 |  7.2
Fighting       | 1 |  1.4
Dodging        | 2 |  2.2
Spellcasting   | 3 |  3.0
Short Blades   | |  1.0
Hexes          | |  3.4

Action                   |  1- 3 |  4- 6 || total
-------------------------+-------+-------++-------
Melee: Dagger            |   182 |    92 ||   274
 Cast: Ensorcelled Hiber |     4 |    20 ||    24
       Confuse           |       |     2 ||     2
  Use: Scroll            |       |     3 ||     3
       Potion            |       |     3 ||     3
 Stab: Sleeping          |    11 |    19 ||    30
  Eat: Chunk             |     5 |     4 ||     9
Armor: Robe              |    32 |    33 ||    65
       Skin              |       |    35 ||    35
Dodge: Dodged            |    88 |    55 ||   143
